Map: Atmosphère 2 000 EC

Players

Dalon - Winner!

  • Race: Terran Terran

VOD

Have the link to the VOD?

Description

Time

  • Played on: April 7, 2021, 9:37 a.m.
  • Length: 25:42
Show
View Real Time Build Order
Export as new Build Order

Dalon Terran - Winner!

Build Orders:  

Get SALT Encoding   

  12  0:01  SCV  
  13  0:17  SCV  
  14  0:25  Supply Depot  
  14  0:34  SCV  
  15  0:55  SCV  
  16  1:00  Barracks  
  16  1:11  Refinery  
  16  1:12  SCV  
  17  1:29  SCV  
  18  1:50  SCV  
  19  2:07  SCV  
  20  2:12  Supply Depot  
  20  2:15  Marine  
  21  2:34  SCV  
  22  2:40  Marine  
  23  2:53  Command Center  
  23  3:04  Factory  
  23  3:05  Marine  
  24  3:18  Bunker  
  24  3:21  SCV  
  25  3:38  SCV  
  26  3:43  Barracks Reactor  
  26  4:20  Command Center  
  26  4:37  SCV  
  27  4:42  Refinery  
  29  4:51  Reaper x2  
  29  4:54  SCV  
  29  4:57  Factory Tech Lab  
  30  5:08  Barracks  
  30  5:15  SCV  
  31  5:31  Marine x2, SCV  
  31  5:32  SCV  
  36  5:55  Orbital Command  
  35  7:35  SCV  
  36  7:45  Marine x2  
  38  7:50  Siege Tank  
  38  7:52  SCV  
  38  7:58  Engineering Bay  
  42  8:08  Starport  
  42  8:09  SCV  
  43  8:10  Marine x2, Barracks Tech Lab  
  45  8:26  SCV  
  46  8:35  Marine x2, Siege Tank, Engineering Bay  
  46  8:39  Terran Infantry Weapons Level 1  
  51  8:43  SCV  
  52  9:00  Marine x2  
  52  9:02  Starport  
  52  9:03  Marine  
  55  9:21  Terran Infantry Armor Level 1  
  50  10:30  Barracks Reactor  
  50  10:31  Unknown  
  50  10:34  Unknown  
  50  10:47  Command Center  
  50  11:57  Supply Depot  
  50  12:27  Marine x4  
  50  12:28  Supply Depot  
  56  12:42  Cyclone  
  56  12:44  Refinery  
  59  12:52  Marine x4  
  59  12:57  Medivac  
  63  13:01  Supply Depot  
  63  13:12  Banshee  
  63  13:17  Marine x2  
  68  13:26  Cyclone  
  71  13:33  Supply Depot  
  71  13:39  Medivac, Planetary Fortress  
  73  13:42  Marine x2  
  73  13:48  Missile Turret  
  75  14:04  Supply Depot  
  75  14:11  Cyclone  
  75  14:12  Banshee  
  81  14:20  Missile Turret  
  69  14:31  Unknown  
  69  14:35  Supply Depot  
  59  14:50  Bunker  
  59  14:56  Cyclone  
  62  15:00  Marine  
  62  15:01  Marine x3  
  62  15:08  Supply Depot  
  66  15:12  Banshee  
  69  15:25  Marine  
  69  15:26  Marine x3  
  73  15:31  Starport Reactor  
  73  15:40  Supply Depot  
  73  15:41  Cyclone  
  73  15:47  Armory  
  76  15:50  Marine  
  76  15:51  Marine x3  
  80  16:15  Marine  
  80  16:16  Marine x3  
  84  16:26  Cyclone  
  87  16:32  Command Center  
  87  16:40  Marine x2  
  87  16:41  Marine x2  
  91  16:50  Medivac x2  
  91  16:53  Banshee  
  91  16:55  Armory  
  98  17:05  Marine x2  
  98  17:06  Marine x2  
  98  17:07  Orbital Command  
  102  17:11  Cyclone  
  105  17:30  Marine x2  
  107  17:50  Supply Depot  
  107  17:56  Cyclone  
  110  18:17  Barracks  
  110  18:18  Unknown  
  81  18:41  Cyclone  
  81  18:47  Unknown  
  83  19:19  Marine x2  
  85  19:20  Marine x2  
  85  19:26  Barracks, Cyclone  
  87  19:44  Marine x3  
  87  19:45  Marine  
  91  20:09  Marine x3  
  91  20:10  Marine, Medivac x2  
  91  20:11  Cyclone  
  91  20:12  Banshee  
  102  20:34  Marine x3  
  102  20:35  Marine  
  106  20:56  Cyclone  
  106  20:59  Marine x4  
  110  21:12  Banshee  
  113  21:24  Marine x4  
  115  21:41  Cyclone  
  115  21:49  Marine x4  
  117  22:12  Banshee  
  117  22:14  Marine x4  
  121  22:26  Cyclone  
  124  22:39  Marine x4  
  128  23:04  Marine x4  
  131  23:11  Cyclone  
  134  23:29  Marine x4  
  138  23:54  Marine  
  138  23:56  Cyclone  
  133  24:41  Cyclone  
  136  24:58  Marine x4  
Tags
 
Add a new tag
Caveats
  • Supply blocks, unpowered buildings, or Contaminate may cause inaccurate times.
  • Supply counts are checked every 10 seconds.